 Dungeon Crawl Stone Soup version 0.18-a0-816-g97f838e (webtiles) character file.

2435 cluie the Conjurer (level 9, -7/67 HPs)
             Began as a Demonspawn Air Elementalist on Dec 15, 2015.
             Was an Initiate of Gozag.
             Killed by divine providence
             ... invoked by an orc priest
              (10 damage)
             ... on level 8 of the Dungeon.
             The game lasted 00:26:16 (7741 turns).

cluie the Conjurer (Demonspawn Air Elementalist)    Turns: 7741, Time: 00:26:17

Health: -7/67      AC:  8    Str:  8    XL:     9   Next: 24%
Magic:  0/17       EV: 13    Int: 19    God:    Gozag
Gold:   587        SH:  0    Dex: 15    Spells: 5 memorised, 6 levels left

rFire  . . .     SeeInvis .     J - +3 war axe
rCold  . . .     Clarity  .     I - +2 leather armour {rPois}
rNeg   . . .     SustAt   .     (no shield)
rPois  +         Gourm    .     f - +0 helmet
rElec  .         Spirit   +     (no cloak)
rCorr  .         Dismiss  .     (no gloves)
rMut   .         Stasis   .     r - +0 pair of boots
MR     .....                    (no amulet)
Stlth  +++.......               (no ring)
                                (no ring)

@: repel missiles, not resistant to hostile enchantments, fairly stealthy
A: talons 2, icy blue scales 1, nightstalker 1, magic shield
a: Potion Petition, Call Merchant, Bribe Branch, Renounce Religion


You were on level 8 of the Dungeon.
You worshipped Gozag.
Gozag was noncommittal.
You were not hungry.

You visited 2 branches of the dungeon, and saw 9 of its levels.

You collected 653 gold pieces.
You paid 66 gold pieces to Gozag.

Inventory:

Hand Weapons
 z - a +2 trident of piercing
 J - a +3 war axe (weapon)
Missiles
 u - a throwing net (quivered)
Armour
 f - a +0 helmet (worn)
 r - a +0 pair of boots (worn)
 y - a +0 buckler
 I - a +2 leather armour of poison resistance (worn)
Wands
 K - a wand of random effects (22)
Scrolls
 d - 3 scrolls of enchant armour {unknown}
 e - 2 scrolls of enchant weapon {unknown}
 g - a scroll of random uselessness {unknown}
 l - 11 scrolls of identify {unknown}
 n - 4 scrolls of immolation {unknown}
 p - 2 scrolls of amnesia {unknown}
 s - a scroll of fear {unknown}
 t - 3 scrolls of remove curse {unknown}
 x - 2 scrolls of magic mapping {unknown}
 B - a scroll of fog {unknown}
 G - 5 scrolls of recharging {unknown}
 H - 3 scrolls of teleportation {unknown}
Potions
 a - 2 potions of degeneration {unknown}
 h - a potion of cancellation {unknown}
 m - 2 potions of poison {unknown}
 o - a potion of brilliance {unknown}
 q - 2 potions of flight {unknown}
 w - a potion of lignification {unknown}
 A - 3 potions of curing
 C - a potion of heal wounds {unknown}
 E - 2 potions of haste {unknown}
 F - 2 potions of magic {unknown}
Books
 b - a book of Air

   Spells                             Type                      Level
   a - Shock                          Conjuration/Air              1
   b - Swiftness                      Charms/Air                   2
   c - Repel Missiles                 Charms/Air                   2
   d - Static Discharge               Conjuration/Air              3
   e - Lightning Bolt                 Conjuration/Air              5
Comestibles
 c - 4 bread rations
 i - 2 meat rations
 j - a beef jerky
 v - 5 fruits
 D - a royal jelly


   Skills:
 + Level 4.9 Fighting
 + Level 4.1 Dodging
 - Level 1.7 Stealth
 + Level 5.6 Spellcasting
 + Level 6.5 Conjurations
 + Level 6.0 Air Magic


You had 6 spell levels left.
You knew the following spells:

 Your Spells              Type           Power        Failure   Level  Hunger
a - Shock                 Conj/Air       ####         1%          1    None
b - Repel Missiles        Chrm/Air       ###...       10%         2    None
c - Static Discharge      Conj/Air       ####....     4%          3    ##.....
d - Lightning Bolt        Conj/Air       ####......   38%         5    #####..
e - Swiftness             Chrm/Air       ###.....     10%         2    None


Dungeon Overview and Level Annotations

Branches:
Dungeon (8/15)             Temple (1/1) D:5
   Lair: D:8-11

Altars:
Cheibriados
Dithmenos
Elyvilon
Fedhas
Gozag
Kikubaaqudgha
Makhleb
Nemelex Xobeh
Okawaru
Pakellas
Qazlal
Sif Muna
Trog
Vehumet
Xom
Yredelemnul
Zin
The Shining One

Shops:
D:4 %


Innate Abilities, Weirdness & Mutations

You have razor-sharp toenails.
You are partially covered in icy blue scales (AC +1).
You are slightly more attuned to the shadows.
When hurt, damage is shared between your health and your magic reserves.


Message History

Unknown command.
You closely miss the giant frog.
The giant frog is no longer distracted by gold.
The giant frog is severely wounded.
The giant frog misses you.
The giant frog hits you but does no damage.
The orc hits you but does no damage. The giant frog hits you.
You miss the giant frog.
The giant frog is severely wounded.
The orc priest invokes the aid of Beogh against you.
Something smites you!
* * * LOW HITPOINT WARNING * * *
The giant frog completely misses you.
The orc hits you from afar with a trident!
* * * LOW HITPOINT WARNING * * *
The giant frog is distracted by the nearby gold.
The orc priest invokes the aid of Beogh against you.
Something smites you!
You die...
Your body crumbles into a pile of gold.

#......#####
#......#... $
#.......( ..(
#......# ....
#....$<# ...s
#......#.....
#$.....#o....
#.....$Foo...
#....(@#.<...
#......#.oo..
######## ....
####


You could see a giant frog (unaware), 2 orc priests, an orc and a giant
cockroach (wandering).

Vanquished Creatures
  The ghost of Crishpax the Insei, a novice OpTm (D:5)
  An ice beast (D:7)
  A sky beast (D:5)
  4 ogres
  3 centaurs (D:7)
  The ghost of Crishpax the Insei, an amateur OpTm (D:3)
  4 giant frogs
  A scorpion (D:7)
  A water moccasin skeleton (D:5)
  4 wights (D:6)
  A crimson imp (D:7)
  A giant frog zombie (D:5)
  A jelly (D:6)
  3 orc wizards
  3 orc priests
  2 hounds (D:5)
  A quasit (D:7)
  Terence (D:2)
  7 worker ants
  A hound zombie (D:7)
  A worker ant zombie (D:5)
  3 gnolls (D:3)
  9 adders
  A shadow imp (D:7)
  An ooze (D:6)
  5 worms
  6 giant geckos
  14 orcs
  A ball python (D:4)
  9 bats
  7 giant cockroaches
  7 goblins
  11 hobgoblins
  10 jackals
  3 kobolds
  4 giant newts
  A quokka (D:7)
  A quokka zombie (D:4)
  8 rats
144 creatures vanquished.

Notes
Turn   | Place    | Note
--------------------------------------------------------------
     0 | D:1      | cluie the Demonspawn Air Elementalist began the quest for the Orb.
     0 | D:1      | Reached XP level 1. HP: 13/13 MP: 3/3
   158 | D:1      | Gained mutation: You are partially covered in icy blue scales (AC +1). [demonic ancestry]
   158 | D:1      | Reached XP level 2. HP: 14/19 MP: 1/5
   745 | D:1      | Learned a level 2 spell: Repel Missiles
  1346 | D:2      | Reached XP level 3. HP: 25/25 MP: 2/6
  1421 | D:2      | Reached skill level 3 in Air Magic
  1427 | D:2      | Learned a level 3 spell: Static Discharge
  1584 | D:2      | Noticed Terence
  1661 | D:2      | Killed Terence
  1661 | D:2      | Gained mutation: You have sharp toenails. [demonic ancestry]
  1661 | D:2      | Reached XP level 4. HP: 31/31 MP: 0/8
  1729 | D:2      | Found a burning altar of Makhleb.
  1762 | D:2      | Found a deep blue altar of Sif Muna.
  1766 | D:2      | Found a glowing golden altar of the Shining One.
  2360 | D:3      | Reached skill level 1 in Fighting
  2422 | D:3      | Noticed an ogre
  2556 | D:3      | Gained mutation: When hurt, damage is shared between your health and your magic reserves. [demonic ancestry]
  2556 | D:3      | Reached XP level 5. HP: 37/37 MP: 3/9
  2673 | D:3      | Killed an ogre
  2719 | D:3      | Noticed Crishpax's ghost (amateur OpTm)
  2737 | D:3      | Killed Crishpax's ghost
  2737 | D:3      | Reached skill level 4 in Conjurations
  2737 | D:3      | Gained mutation: You are slightly more attuned to the shadows. [demonic ancestry]
  2737 | D:3      | Reached XP level 6. HP: 42/44 MP: 0/11
  3062 | D:3      | Found an oddly glowing altar of Pakellas.
  3088 | D:3      | Learned a level 5 spell: Lightning Bolt
  3335 | D:4      | Found Bethudde's Food Shoppe.
  3674 | D:5      | Entered Level 5 of the Dungeon
  3927 | D:5      | Reached XP level 7. HP: 6/51 MP: 2/12
  4142 | D:5      | Noticed Crishpax's ghost (novice OpTm)
  4204 | D:5      | Killed Crishpax's ghost
  4669 | D:5      | Found a staircase to the Ecumenical Temple.
  4725 | Temple   | Entered the Ecumenical Temple
  4751 | Temple   | Became a worshipper of Gozag Ym Sagoz the Greedy
  4808 | D:5      | Found a basalt altar of Yredelemnul.
  4971 | D:5      | lol pain
  5020 | D:6      | Reached skill level 5 in Conjurations
  5062 | D:6      | Found a white marble altar of Elyvilon.
  5153 | D:5      | Reached skill level 5 in Air Magic
  5337 | D:6      | Reached XP level 8. HP: 47/58 MP: 11/14
  5988 | D:7      | Reached skill level 5 in Spellcasting
  6099 | D:7      | Noticed a hill giant
  6323 | D:7      | Reached skill level 6 in Conjurations
  6475 | D:7      | Found a blossoming altar of Fedhas.
  6502 | D:7      | Found an iron altar of Okawaru.
  6532 | D:7      | Found a bloodstained altar of Trog.
  6967 | D:7      | Gained mutation: You have razor-sharp toenails. [demonic ancestry]
  6967 | D:7      | Reached XP level 9. HP: 58/66 MP: 12/17
  7257 | D:7      | Found a shadowy altar of Dithmenos.
  7665 | D:6      | Learned a level 2 spell: Swiftness
  7741 | D:8      | HP: 3/67 [orc/trident (11)]
  7741 | D:8      | Killed from afar by an orc priest

Vault maps used:
D:1:      dpeg_arrival_prison, hex_tiny, minmay_misc_feat_encased,
          minmay_misc_feat_cross
D:2:      minitemple, hangedman_decor_points, grunt_ministairs_6,
          wad_floor_pattern_untrapped, uniq_terence
D:3:      nicolae_overflow_crystal_walls, serial_park_tiny_2
D:4:      lemuel_upstairs_altar, serial_shops, nicolae_shop_trees, first_bread
D:5:      kennysheep_mini_moat, temple_statues
D:6:      minmay_crystal_room, elyvilon_altar_4
D:7:      overflow_temple_1_default, kennysheep_mini, marbit_many_paths,
          lemuel_round_altar, minmay_misc_feat_columns,
          kennysheep_generic_room_6
Temple:   triangle_lava_temple_11

Action                   |  1- 3 |  4- 6 |  7- 9 || total
-------------------------+-------+-------+-------++-------
Melee: Unarmed           |   105 |    25 |       ||   130
       Whip              |       |    98 |       ||    98
       Dagger            |       |   114 |    19 ||   133
       Hand axe          |       |       |    38 ||    38
       Trident           |       |       |    43 ||    43
       War axe           |       |       |   105 ||   105
Throw: Throwing net      |       |       |     2 ||     2
 Cast: Shock             |    58 |    50 |    35 ||   143
       Repel Missiles    |     1 |       |     1 ||     2
       Static Discharge  |       |     8 |    21 ||    29
       Lightning Bolt    |       |       |     1 ||     1
Evoke: Wand              |       |       |     1 ||     1
  Use: Scroll            |       |       |     1 ||     1
       Potion            |       |       |     1 ||     1
 Stab: Sleeping          |     2 |     4 |     7 ||    13
       Distracted        |       |       |     1 ||     1
  Eat: Chunk             |     3 |     8 |     3 ||    14
       Beef jerky        |       |       |     3 ||     3
       Bread ration      |       |       |     1 ||     1
       Pizza             |       |       |     1 ||     1
       Fruit             |       |       |     1 ||     1
